Map: Cradle of Death

Players

YaDimavashet

  • Race: Zerg Zerg

Jymmy

  • Race: Terran Terran
  • League: Diamond

VOD

Have the link to the VOD?

Description

Time

  • Played on: Feb. 14, 2020, 4:11 a.m.
  • Length: 22:30
Show
View Real Time Build Order
Export as new Build Order

YaDimavashet Zerg 

Build Orders:  

Get SALT Encoding   

  12  0:11  Unknown  
  12  0:12  Infested SCV  
  12  0:13  Infested SCV  
  14  0:20  Infested SCV  
  15  0:32  Overlord  
  15  0:44  Overlord  
  15  0:54  Overlord  
  15  1:12  Overlord  
  15  1:22  Overlord  
  15  1:38  Infested SCV  
  16  1:47  Infested Refinery  
  16  1:53  Infested Refinery  
  16  2:02  Infested Barracks  
  16  2:10  Infested Engineering Bay  
  16  2:33  Infested SCV  
  16  2:34  Infested SCV x2  
  19  3:05  Infested Barracks Tech Lab  
  19  3:24  Infestation Level 1  
  19  3:37  Infested SCV  
  19  3:38  Infested SCV  
  21  3:40  Infested SCV  
  22  4:44  Infested Bunker  
  28  5:27  Infested SCV, Overlord  
  28  5:28  Infested SCV x3  
  32  5:35  Infested Missile Turret  
  32  5:40  Infestation Level 2  
  32  5:59  Unknown  
  32  6:52  Infested SCV  
  32  6:53  Infested SCV  
  32  6:55  Overlord x3  
  34  7:02  Regenerative Plating  
  34  7:27  Infested Factory  
  47  7:40  Broodling Gestation  
  34  8:29  Infested Bunker  
  46  9:09  Anaerobic Enhancement  
  46  9:10  Infested Armory  
  46  9:13  Infested Factory Tech Lab  
  46  9:20  Infested Missile Turret  
  46  9:50  Infested Bunker  
  46  10:20  Infested Siege Tank x2  
  46  10:21  Infested Siege Tank  
  46  10:26  Automated Mitosis  
  55  10:33  Infestation Level 3  
  55  10:41  Infested Missile Turret  
  55  11:19  Calcified Armor  
  55  11:26  Acidic Enzymes  
  55  11:59  Retinal Augmentation  
  55  12:03  Infested Marine  
  55  12:04  Infested Marine x10  
  55  12:05  Infested Marine x9  
  75  12:59  Plagued Munitions  
  55  14:06  Infested SCV x2  
  55  14:07  Aggressive Incubation  
  55  14:08  Overlord  
  55  14:09  Overlord x2  
  57  14:18  Infested Barracks  
  57  14:22  Unknown  
  57  14:32  Stukov Infantry Weapons Level 1  
  57  16:42  Infested Marine  
  57  16:43  Infested Marine x7  
  57  16:44  Infested Marine x12  
  57  16:46  Infested Marine  
  57  16:47  Infested Marine x17  
  57  16:48  Infested Marine  
  96  17:12  Stukov Infantry Armor Level 1  
  87  18:28  Unknown  
  75  18:38  Infested Marine  
  75  18:39  Infested Marine x19  
  77  18:41  Infested Marine  
  77  18:42  Infested Marine x12  
  90  18:50  Infested Marine  
  90  18:51  Infested Marine  
  90  18:52  Infested Marine  
  90  18:53  Infested Marine x8  
  93  19:33  Unknown  
  57  20:50  Infested Marine x5  
  57  20:51  Infested Marine x15  
  57  20:53  Infested Marine  
  57  20:54  Infested Marine x7  
  57  20:55  Infested Marine x12  
  97  21:32  Infested Marine x8  
  97  21:35  Infested Marine  
  97  21:36  Infested Marine x6  
Show
View Real Time Build Order
Export as new Build Order

Jymmy Terran 

Build Orders:  

Get SALT Encoding   

  12  0:03  SCV  
  13  0:11  SCV  
  13  0:13  Unknown  
  14  0:27  SCV, Supply Bunker  
  15  0:40  SCV  
  15  0:48  SCV  
  17  0:53  Refinery  
  17  0:57  SCV  
  18  1:05  SCV  
  19  1:13  SCV  
  20  1:21  SCV  
  20  1:29  SCV  
  22  1:37  SCV  
  23  1:46  SCV  
  24  2:01  Supply Bunker  
  24  2:03  SCV  
  25  2:11  SCV  
  26  2:20  SCV  
  26  2:24  Command Center  
  27  2:30  SCV  
  27  2:38  Refinery  
  28  2:40  SCV  
  28  2:48  Barracks  
  29  2:51  SCV  
  29  2:55  SCV  
  31  3:03  SCV  
  31  3:05  SCV  
  33  3:11  SCV  
  36  3:21  SCV, Dominion Trooper  
  36  3:27  Dominion Trooper  
  38  3:34  SCV  
  38  3:35  Dominion Trooper  
  39  3:46  Supply Bunker  
  41  3:56  Dominion Trooper  
  41  3:57  Dominion Trooper  
  43  4:04  SCV, Dominion Trooper x2  
  45  4:11  Marauder  
  45  4:12  Dominion Trooper  
  51  4:20  Dominion Trooper x2  
  51  4:28  Dominion Trooper  
  54  4:30  Dominion Trooper  
  54  4:36  Dominion Trooper  
  54  4:38  Dominion Trooper  
  57  4:55  Dominion Trooper x2  
  57  5:03  Dominion Trooper  
  57  5:05  SCV  
  59  5:14  Dominion Trooper  
  61  5:21  Engineering Bay, Dominion Trooper  
  61  5:22  Dominion Trooper  
  61  5:24  Engineering Bay  
  61  5:29  Dominion Trooper  
  63  5:30  Dominion Trooper  
  63  5:38  Dominion Trooper  
  63  5:39  Dominion Trooper  
  65  5:46  Supply Bunker  
  65  6:01  SCV  
  65  6:02  Unknown  
  65  6:07  Supply Bunker  
  65  6:09  SCV  
  67  6:16  Terran Infantry Weapons Level 1, Terran Infantry Armor Level 1  
  67  6:25  Engineering Bay  
  67  6:35  Factory  
  67  6:36  Refinery  
  66  6:40  Refinery  
  66  6:43  Command Center  
  66  6:59  Dominion Trooper x2  
  70  7:01  Marauder  
  70  7:07  Orbital Trooper Pods, Dominion Trooper x2  
  73  7:28  Dominion Trooper  
  73  7:29  Dominion Trooper  
  77  7:36  Dominion Trooper  
  77  7:37  SCV, Dominion Trooper  
  79  7:40  Armory  
  79  7:44  SCV, Dominion Trooper  
  79  7:45  SCV  
  81  7:52  SCV  
  81  7:53  SCV  
  81  7:57  Starport  
  83  8:00  SCV  
  86  8:11  Dominion Trooper  
  86  8:16  Dominion Trooper  
  86  8:24  Supply Bunker, Dominion Trooper x6  
  82  8:40  Supply Bunker, Dominion Trooper x6  
  77  8:55  SCV  
  77  8:56  SCV  
  79  9:03  SCV  
  79  9:09  Command Center  
  74  9:13  Command Center  
  74  9:18  Terran Infantry Armor Level 2, Terran Infantry Weapons Level 2  
  74  9:19  Command Center  
  74  9:37  Dominion Trooper x2  
  74  9:44  Dominion Trooper  
  74  9:45  Dominion Trooper  
  74  9:46  Imperial Witness  
  74  9:50  SCV x2  
  74  9:51  Fusion Core  
  74  9:58  SCV x2  
  78  10:06  Unknown  
  78  10:21  Imperial Witness  
  80  10:36  Missile Turret  
  86  10:51  Medivac  
  86  10:52  Supply Bunker, Dominion Trooper x6  
  88  11:00  Amplified Airwaves  
  88  11:06  Missile Turret  
  88  11:35  Missile Turret  
  93  11:50  Marauder  
  93  11:53  Dominion Trooper  
  93  11:54  Siege Tank, Dominion Trooper x4  
  93  11:58  Medivac  
  110  12:00  Dual Resuscitators  
  110  12:01  Dominion Trooper  
  110  12:02  Dominion Trooper x4  
  110  12:09  Dominion Trooper  
  106  12:10  Dominion Trooper x2  
  106  12:14  Supply Bunker, Dominion Trooper x6  
  108  12:25  Earthsplitter Ordinance  
  107  12:38  Dominion Trooper x5  
  114  12:42  Supply Bunker  
  114  12:46  Supply Bunker, Dominion Trooper x3  
  114  12:47  Dominion Trooper x2  
  114  12:48  Supply Bunker  
  115  12:54  Dominion Trooper x2  
  115  12:55  Dominion Trooper  
  115  12:59  Marauder  
  123  13:04  Dominion Trooper x2  
  123  13:07  Dominion Trooper x2  
  123  13:11  Command Center  
  123  13:15  Command Center  
  123  13:52  Terran Infantry Weapons Level 3, Terran Infantry Armor Level 3  
  117  14:20  Unknown, Ghost Academy  
  117  15:08  Armament Stabilizers  
  117  15:22  Siege Tank  
  117  15:24  Medivac  
  132  15:34  Dominion Trooper  
  132  15:35  Dominion Trooper x6  
  132  15:37  Incapacitator Shells  
  139  15:42  Dominion Trooper x2  
  139  15:43  Dominion Trooper x5  
  145  15:50  Dominion Trooper x3  
  145  15:51  Dominion Trooper x4  
  145  15:58  Dominion Trooper x2  
  145  15:59  Dominion Trooper  
  153  16:00  Dominion Trooper  
  153  16:01  Dominion Trooper x2  
  153  16:02  Dominion Trooper  
  153  16:06  Dominion Trooper  
  153  16:07  Medivac  
  153  16:08  Smart Servos, Dominion Trooper  
  155  16:26  Factory  
  155  16:28  Imperial Witness  
  164  16:30  Factory  
  164  16:32  Dominion Trooper x2  
  164  16:33  Dominion Trooper x5  
  164  16:49  Unknown x8  
  164  16:50  Unknown x2  
  143  17:33  Siege Tank  
  143  17:34  Siege Tank, Scatter Veil  
  143  17:39  Medivac  
  142  18:15  Starport  
  142  18:18  Starport  
  142  18:25  Unknown  
  136  18:42  Marauder  
  141  18:51  Barracks  
  141  18:57  Barracks, Dominion Trooper  
  141  18:58  Dominion Trooper x6  
  154  19:05  Command Center, Dominion Trooper  
  154  19:06  Dominion Trooper x6  
  161  19:10  Command Center  
  161  19:13  Dominion Trooper  
  161  19:14  Command Center, Dominion Trooper x5  
  161  19:16  Dominion Trooper  
  168  19:21  Dominion Trooper  
  168  19:22  Dominion Trooper x2  
  168  19:25  Dominion Trooper  
  168  19:26  Dominion Trooper  
  168  19:27  Dominion Trooper  
  168  19:28  Dominion Trooper  
  171  19:31  Siege Tank x2, Dominion Trooper x2  
  171  19:34  Dominion Trooper  
  188  19:41  Dominion Trooper  
  188  19:47  Dominion Trooper  
  186  20:23  Siege Tank  
  192  20:34  Dominion Trooper x7  
  198  20:42  Dominion Trooper x7  
  200  21:02  Dominion Trooper x2  
  200  21:03  Dominion Trooper x2  
  198  21:44  Dominion Trooper x5  
  198  21:45  Dominion Trooper x5  
  199  21:51  Dominion Trooper  
  199  21:52  Dominion Trooper  
  199  21:59  Dominion Trooper  
  200  22:00  Dominion Trooper  
Tags
 
Add a new tag
Caveats
  • Supply blocks, unpowered buildings, or Contaminate may cause inaccurate times.
  • Supply counts are checked every 10 seconds.